2482 views
Uploaded 2020-02-12 18:02:55
Game version 1.32 / 1.32.1
11:35 long 2on2 ladder game on (4)TwistedMeadows
Saved by iggythefisk
2482 views
Uploaded 2020-02-12 18:02:55
Game version 1.32 / 1.32.1
11:35 long 2on2 ladder game on (4)TwistedMeadows


54 units @ 6.6k
/ 0.4k
28 buildings @ 3.3k
/ 1.3k


| Scroll of Regeneration | 3 | 300 |
| Ivory Tower | 1 | 40 |
| total: | 4 | 340g |
| Peasant | 15 | 1125 | / | 0 |
| Footman | 3 | 405 | / | 0 |
| Rifleman | 9 | 1845 | / | 270 |
| total: | 27 | 3375g | / | 270w |
| Altar of Kings | 1 | 180 | / | 50 |
| Barracks | 2 | 320 | / | 120 |
| Farm | 8 | 640 | / | 160 |
| Blacksmith | 1 | 140 | / | 60 |
| Arcane Vault | 1 | 130 | / | 30 |
| Town Hall | 1 | 385 | / | 205 |
| Cannon Tower | 1 | 120 | / | 100 |
| Workshop | 1 | 140 | / | 140 |
| Keep | 1 | 320 | / | 210 |
| total: | 15 | 1935g | / | 765w |
| 0:01 | Peasant |
| 0:05 | Altar of Kings |
| 0:12 | Peasant |
| 0:17 | Barracks |
| 0:20 | Peasant |
| 0:32 | Farm |
| 0:37 | Peasant |
| 0:47 | Farm |
| 0:54 | Peasant |
| 1:11 | Peasant |
| 1:19 | Footman |
| 1:24 | Farm |
| 1:34 | Peasant |
| 1:44 | Footman |
| 1:59 | Blacksmith |
| 2:04 | Summon Water Elemental |
| 2:20 | Footman |
| 3:04 | Arcane Vault |
| 3:21 | Rifleman |
| 3:24 | Farm |
| 3:26 | Keep |
| 4:04 | Rifleman |
| 4:13 | Scroll of Regeneration |
| 4:28 | Rifleman |
| 4:53 | Rifleman |
| 4:55 | Brilliance Aura |
| 5:13 | Town Hall |
| 5:23 | Farm |
| 5:34 | Farm |
| 5:47 | Peasant |
| 5:47 | Peasant |
| 5:58 | Summon Water Elemental |
| 6:16 | Peasant |
| 6:18 | Scroll of Regeneration |
| 7:00 | Rifleman |
| 7:02 | Peasant |
| 7:05 | Black Gunpowder |
| 7:30 | Rifleman |
| 7:30 | Peasant |
| 7:32 | Peasant |
| 7:32 | Peasant |
| 7:36 | Storm Bolt |
| 7:39 | Scroll of Regeneration |
| 7:50 | Workshop |
| 7:51 | Barracks |
| 8:00 | Ivory Tower |
| 8:02 | Peasant |
| 8:22 | Rifleman |
| 8:50 | Rifleman |
| 8:52 | Long Rifles |
| 9:10 | Brilliance Aura |
| 9:52 | Rifleman |
| 10:00 | Cannon Tower |
| 10:14 | Farm |
| 10:14 | Farm |
| 10:52 | Bash |
| Right click | 843 |
| Select | 442 |
| Select group | 195 |
| Build/train/purchase | 73 |
| Assign group | 59 |
| Use ability | 10 |
| Misc. action | 7 |
| Remove unit | 2 |
| Item give/drop | 1 |
| Minimap ping | 1 |
⇛
iggythefisk
(11:34) : 

| Scroll of Regeneration | 2 | 200 |
| total: | 2 | 200g |
| Peasant | 9 | 675 | / | 0 |
| Footman | 10 | 1350 | / | 0 |
| Sorceress | 5 | 775 | / | 100 |
| Priest | 3 | 405 | / | 30 |
| total: | 27 | 3205g | / | 130w |
| Scout Tower | 1 | 30 | / | 20 |
| Arcane Tower | 1 | 70 | / | 50 |
| Altar of Kings | 1 | 180 | / | 50 |
| Barracks | 1 | 160 | / | 60 |
| Farm | 7 | 560 | / | 140 |
| Arcane Vault | 1 | 130 | / | 30 |
| Arcane Sanctum | 2 | 300 | / | 280 |
| Keep | 1 | 320 | / | 210 |
| Castle | 1 | 360 | / | 210 |
| total: | 13 | 1360g | / | 580w |
| 0:06 | Peasant |
| 0:08 | Altar of Kings |
| 0:13 | Peasant |
| 0:22 | Barracks |
| 0:27 | Peasant |
| 0:37 | Farm |
| 0:39 | Peasant |
| 0:46 | Peasant |
| 1:04 | Peasant |
| 1:14 | Farm |
| 1:24 | Footman |
| 1:27 | Peasant |
| 1:40 | Footman |
| 1:52 | Peasant |
| 1:59 | Footman |
| 2:08 | Farm |
| 2:10 | Summon Water Elemental |
| 2:24 | Footman |
| 3:00 | Brilliance Aura |
| 3:12 | Footman |
| 3:13 | Keep |
| 3:17 | Arcane Vault |
| 3:30 | Footman |
| 4:01 | Footman |
| 4:20 | Farm |
| 4:21 | Footman |
| 4:22 | Footman |
| 4:38 | Scout Tower |
| 5:01 | Footman |
| 5:36 | Arcane Sanctum |
| 5:39 | Arcane Sanctum |
| 5:42 | Scroll of Regeneration |
| 5:48 | Arcane Tower |
| 5:56 | Farm |
| 6:25 | Summon Water Elemental |
| 6:37 | Storm Bolt |
| 6:41 | Scroll of Regeneration |
| 6:58 | Sorceress |
| 7:01 | Priest |
| 7:01 | Sorceress Adept Training |
| 7:02 | Peasant |
| 7:04 | Farm |
| 7:34 | Priest Adept Training |
| 7:35 | Sorceress |
| 8:30 | Sorceress |
| 8:30 | Priest |
| 8:50 | Priest |
| 9:10 | Bash |
| 9:35 | Defend |
| 9:38 | Sorceress |
| 10:14 | Castle |
| 10:16 | Farm |
| 10:48 | Sorceress |
| 11:31 | Brilliance Aura |
| Right click | 664 |
| Assign group | 333 |
| Select | 316 |
| Select group | 261 |
| Build/train/purchase | 68 |
| Misc. action | 54 |
| Use ability | 8 |
| Resource trade | 4 |
| Item give/drop | 2 |
| Remove unit | 1 |
35 units @ 4.7k
/ 0.4k
26 buildings @ 3.3k
/ 1.2k
⇛
Artozis
(11:24) : 
| Scroll of Regeneration | 3 | 300 |
| Lesser Clarity Potion | 3 | 210 |
| Potion of Healing | 1 | 150 |
| Boots of Speed | 1 | 250 |
| total: | 8 | 910g |
| Peasant | 8 | 600 | / | 0 |
| Footman | 7 | 945 | / | 0 |
| Sorceress | 3 | 465 | / | 60 |
| Spell Breaker | 1 | 215 | / | 30 |
| total: | 19 | 2225g | / | 90w |
| Scout Tower | 3 | 90 | / | 60 |
| Arcane Tower | 1 | 70 | / | 50 |
| Guard Tower | 2 | 140 | / | 100 |
| Altar of Kings | 2 | 360 | / | 100 |
| Farm | 5 | 400 | / | 100 |
| Barracks | 1 | 160 | / | 60 |
| Arcane Vault | 1 | 130 | / | 30 |
| Lumber Mill | 1 | 120 | / | 0 |
| Blacksmith | 1 | 140 | / | 60 |
| Arcane Sanctum | 2 | 300 | / | 280 |
| Keep | 1 | 320 | / | 210 |
| Castle | 1 | 360 | / | 210 |
| total: | 16 | 1700g | / | 690w |
| 0:03 | Peasant |
| 0:03 | Peasant |
| 0:20 | Altar of Kings |
| 0:26 | Peasant |
| 0:35 | Farm |
| 0:47 | Peasant |
| 0:49 | Barracks |
| 0:54 | Peasant |
| 0:59 | Farm |
| 1:17 | Farm |
| 1:22 | Peasant |
| 1:37 | Scout Tower |
| 1:53 | Footman |
| 1:58 | Arcane Vault |
| 2:06 | Footman |
| 2:12 | Peasant |
| 2:12 | Peasant |
| 2:17 | Arcane Tower |
| 2:20 | Summon Water Elemental |
| 2:41 | Footman |
| 2:42 | Footman |
| 2:48 | Lumber Mill |
| 3:07 | Farm |
| 4:14 | Footman |
| 4:15 | Keep |
| 4:23 | Scroll of Regeneration |
| 4:23 | Lesser Clarity Potion |
| 4:28 | Scroll of Regeneration |
| 4:29 | Lesser Clarity Potion |
| 4:34 | Footman |
| 4:45 | Farm |
| 4:47 | Improved Masonry |
| 4:51 | Scout Tower |
| 5:13 | Brilliance Aura |
| 5:41 | Guard Tower |
| 6:10 | Summon Water Elemental |
| 6:28 | Boots of Speed |
| 6:37 | Arcane Sanctum |
| 6:43 | Arcane Sanctum |
| 6:46 | Castle |
| 6:47 | Scroll of Regeneration |
| 6:49 | Lesser Clarity Potion |
| 6:49 | Potion of Healing |
| 7:00 | Footman |
| 7:01 | Defend |
| 7:11 | Blacksmith |
| 8:16 | Sorceress |
| 8:17 | Sorceress Adept Training |
| 8:20 | Sorceress |
| 8:52 | Spell Breaker |
| 8:52 | Control Magic |
| 8:55 | Iron Forged Swords |
| 9:46 | Sorceress |
| 10:30 | Scout Tower |
| 11:11 | Guard Tower |
| 11:12 | Altar of Kings |
| Right click | 569 |
| Select | 255 |
| Build/train/purchase | 58 |
| Assign group | 52 |
| Select group | 26 |
| Misc. action | 7 |
| Resource trade | 4 |
| Remove unit | 3 |
| Use ability | 2 |


| Rod of Necromancy | 2 | 300 |
| Potion of Healing | 2 | 300 |
| Scroll of Town Portal | 2 | 700 |
| total: | 6 | 1300g |
| Acolyte | 5 | 375 | / | 0 |
| Ghoul | 3 | 360 | / | 0 |
| Crypt Fiend | 8 | 1720 | / | 320 |
| total: | 16 | 2455g | / | 320w |
| Nerubian Tower | 1 | 100 | / | 20 |
| Graveyard | 1 | 215 | / | 0 |
| Crypt | 1 | 200 | / | 50 |
| Altar of Darkness | 1 | 180 | / | 50 |
| Ziggurat | 5 | 750 | / | 250 |
| Tomb of Relics | 1 | 130 | / | 30 |
| Slaughterhouse | 1 | 140 | / | 135 |
| Halls of the Dead | 1 | 320 | / | 210 |
| Black Citadel | 1 | 325 | / | 230 |
| total: | 10 | 1615g | / | 515w |
| 0:08 | Graveyard |
| 0:10 | Crypt |
| 0:15 | Acolyte |
| 0:37 | Altar of Darkness |
| 0:51 | Acolyte |
| 1:09 | Ziggurat |
| 1:13 | Tomb of Relics |
| 1:24 | Ghoul |
| 1:47 | Ziggurat |
| 2:02 | Crypt Fiend |
| 2:38 | Nerubian Tower |
| 2:47 | Crypt Fiend |
| 2:51 | Acolyte |
| 3:07 | Acolyte |
| 3:20 | Death Coil |
| 3:37 | Ghoul |
| 3:37 | Ghoul |
| 4:23 | Crypt Fiend |
| 4:38 | Crypt Fiend |
| 4:43 | Rod of Necromancy |
| 5:00 | Crypt Fiend |
| 5:28 | Ziggurat |
| 5:35 | Unholy Aura |
| 6:03 | Halls of the Dead |
| 6:06 | Rod of Necromancy |
| 6:56 | Death Coil |
| 7:02 | Ziggurat |
| 7:25 | Crypt Fiend |
| 8:25 | Acolyte |
| 8:34 | Ziggurat |
| 8:38 | Burrow |
| 8:41 | Slaughterhouse |
| 9:31 | Crypt Fiend |
| 9:35 | Unholy Aura |
| 9:36 | Frost Nova |
| 10:10 | Scroll of Town Portal |
| 10:12 | Black Citadel |
| 10:13 | Scroll of Town Portal |
| 10:17 | Potion of Healing |
| 10:27 | Potion of Healing |
| 10:36 | Crypt Fiend |
| Right click | 1038 |
| Select group | 301 |
| Select | 172 |
| Misc. action | 61 |
| Build/train/purchase | 40 |
| Assign group | 26 |
| Use ability | 16 |
| Item give/drop | 3 |
| Minimap ping | 1 |